 Dungeon Crawl Stone Soup version 0.30-a0-55-g90e3122c3a (webtiles) character file.

Game seed: 16491625017282497741

9 Newt the Ducker (level 2, 0/22 HPs)
             Began as a Demonspawn Gladiator on Sept 9, 2022.
             Slain by a jackal (3 damage)
             ... on level 1 of the Dungeon.
             The game lasted 00:00:34 (338 turns).

Newt the Ducker (Demonspawn Gladiator)               Turns: 338, Time: 00:00:35

Health: 0/22       AC:  5    Str: 14    XL:     2   Next: 3%
Magic:  2/2        EV: 12    Int:  9    God:
Gold:   33         SH:  0    Dex: 14    Spells: 1/1 levels left

rFire   . . .      SeeInvis .    a - +0 rapier
rCold   . . .      Faith    .    (no shield)
rNeg    . . .      Spirit   .    b - +0 leather armour
rPois   .          Reflect  .    c - +0 helmet
rElec   .          Harm     .    (no cloak)
rCorr   .          Rampage  .    h - +0 pair of gloves
Will    .....                    (no boots)
Stlth   ++........               (no amulet)
HPRegen 0.07/turn                (no ring)
MPRegen 0.08/turn                (no ring)

@: no status effects
A: ignite blood 1
a: no special abilities


You were on level 1 of the Dungeon.
You visited 1 branch of the dungeon, and saw 1 of its levels.

You collected 33 gold pieces.

Inventory:

Hand Weapons
 a - a +0 rapier (weapon)
Missiles
 d - 2 throwing nets (quivered)
Armour
 b - a +0 leather armour (worn)
 c - a +0 helmet (worn)
 h - a +0 pair of gloves (worn)
 i - a +0 chain mail
Jewellery
 f - an amulet of faith
Potions
 g - a potion of attraction {unknown}


   Skills:
 - Level 2.0 Fighting
 - Level 2.6 Short Blades
 - Level 1.7 Throwing
 - Level 2.6 Dodging
 + Level 1.7 Stealth


You had one spell level left.
You didn't know any spells.
Your spell library was empty.

Dungeon Overview and Level Annotations

Branches:
Dungeon (1/15)

Altars:


Innate Abilities, Weirdness & Mutations

Your demonic aura sometimes causes spilled blood to erupt in flames.


Message History

Your demonic ancestry asserts itself...
Your blood heats up.
You barely miss the rat. The rat bites you but does no damage.
You hit the rat.
You kill the rat!
The jackal barely misses you.
You barely miss the jackal. The jackal bites you.
You barely miss the jackal. The jackal bites you. x2
* * * LOW HITPOINT WARNING * * *
You hit the jackal but do no damage. The jackal closely misses you.
You closely miss the jackal. Your punch misses the jackal.
The jackal barely misses you.
You hit the jackal but do no damage. The jackal closely misses you.
The jackal bites you but does no damage.
You closely miss the jackal. The jackal bites you.
* * * LOW HITPOINT WARNING * * *
The jackal misses you.
You closely miss the jackal. The jackal closely misses you.
You miss the jackal. The jackal barely misses you. The jackal bites you.
* * * LOW HITPOINT WARNING * * *
Throw: 3 throwing nets
Press: ? - help, Q - select action Shift-Dir - straight line, f/p - jackal
Aim: a jackal (51% to hit)
You throw a throwing net. The throwing net hits the jackal.
The jackal is caught in the net!
The jackal struggles against the net.
You hit the jackal.
The jackal is almost dead.
The jackal struggles against the net.
You barely miss the jackal.
The jackal is almost dead.
The jackal struggles against the net. x2
The net rips apart, and the jackal comes free!
You closely miss the jackal.
The jackal is severely wounded.
The jackal misses you.
You closely miss the jackal.
The jackal is severely wounded.
The jackal bites you.
You die...

..##...........^.#
..##...(.........# #.....?#
##..##...........###).....#
##..##...........#........#
..##.............#........##
.<##.........#####.........#
##..########....##.........#
##..### ####.##.........#
..##..# #.@hg)........
..##..# ######........
.....## ##### ###........
.###.####...## .........#.
.# #..#......### .#.......#
.# ##...#.[....##.#.........
.# #####....#....###.....$.
.## #########).......... ..#
.......


You could see a jackal and a hobgoblin.

Vanquished Creatures
  An endoplasm (D:1)
  2 goblins (D:1)
  A jackal (D:1)
  A ball python (D:1)
  2 frilled lizards (D:1)
  2 rats (D:1)
9 creatures vanquished.

Notes
Turn   | Place    | Note
-------+----------+-------------------------------------------
     0 | D:1      | Newt the Demonspawn Gladiator began the quest for the Orb.
     0 | D:1      | Reached XP level 1. HP: 16/16 MP: 1/1
   308 | D:1      | Reached skill level 1 in Stealth
   324 | D:1      | Gained mutation: Your demonic aura sometimes causes spilled
                  | blood to erupt in flames. [demonic ancestry]
   324 | D:1      | Reached XP level 2. HP: 11/22 MP: 2/2
   338 | D:1      | Slain by a jackal

Illustrated notes

Levels and vault maps discovered:
D:1:      lightli_iron_boxes, layout_basic, basic_ecumenical_altar

Skill      XL: |  1 |
---------------+----+-----
Stealth        | 1 |  1.7
Fighting       | |  2.0
Short Blades   | |  2.6
Throwing       | |  1.7
Dodging        | |  2.6

Action                   || total
-------------------------++-------
Melee: Rapier            ||    43
Throw: Javelin           ||     1
       Throwing net      ||     1
Armor: Leather armour    ||    17
Dodge: Dodged            ||    30

Table legend: (Time is in decaauts)
 A = Elapsed time spent in this place.
 B = Non-inter-level travel time spent in this place.
 C = Inter-level travel time spent in this place.
 D = Time resting spent in this place.
 E = Time spent auto-exploring this place.
 F = Levels seen in this place.
 G = Mean time per level.
                   A        B        C        D        E       F      G
               +--------+--------+--------+--------+--------+-----+--------+
         Total |    341 |    316 |     25 |      0 |    240 |   1 |  341.0 |
       Dungeon |    341 |    316 |     25 |      0 |    240 |   1 |  341.0 |
               +--------+--------+--------+--------+--------+-----+--------+

Top non-repeatable levels by time:
     D:1: 341 daAuts
